 Dungeon Crawl Stone Soup version 0.28.0 (webtiles) character file.

Game seed: 5486714530465390433

148 Jerry the Chucker (level 5, -2/50 HPs)
             Began as a Troll Hunter on Feb 9, 2022.
             Slain by an adder (3 damage)
             ... in a sewer.
             The game lasted 00:05:29 (2036 turns).

Jerry the Chucker (Troll Hunter)                    Turns: 2036, Time: 00:05:31

Health: -2/50      AC:  4    Str: 21 (22) XL:     5   Next: 8%
Magic:  4/4        EV: 10    Int:  5 (7)  God:
Gold:   103        SH:  0    Dex:  9 (10) Spells: 4/4 levels left

rFire   . . .      SeeInvis .   g - +2 whip (elec)
rCold   . . .      Faith    .   (no shield)
rNeg    . . .      Spirit   .   b - +0 robe
rPois   .          Reflect  .   (helmet restricted)
rElec   .          Harm     .   (no cloak)
rCorr   .          Rampage  .   (gloves unavailable)
Will    .....                   (boots unavailable)
Stlth   +.........              (no amulet)
HPRegen 0.96/turn               (no ring)
MPRegen 0.09/turn               (no ring)

@: mighty, lethally poisoned (-2 -> -3)
A: large, unfitting armour, claws 3, regeneration 1, shaggy fur 1, tough skin 1
a: no special abilities


You were in a sewer.
You visited 1 branch of the dungeon, and saw 3 of its levels.
You also visited: Sewer.

You collected 103 gold pieces.

Inventory:

Hand Weapons
 g - a +2 whip of electrocution (weapon)
Missiles
 c - 5 large rocks (quivered)
 d - 2 throwing nets
Armour
 b - a +0 robe (worn)
Jewellery
 k - a +6 ring of dexterity
Scrolls
 a - a scroll of magic mapping {unknown}
 e - a scroll of summoning {unknown}
 i - a scroll of fear {unknown}
 j - a scroll of blinking {unknown}
 m - 2 scrolls of identify {unknown}
Potions
 h - a potion of degeneration
 l - a potion of curing {unknown}


   Skills:
 + Level 2.5 Fighting
 + Level 1.4 Maces & Flails
 + Level 4.3 Throwing
 + Level 2.4 Dodging
 - Level 0.3 Stealth
 - Level 1.1 Unarmed Combat


You had 4 spell levels left.
You didn't know any spells.
Your spell library contained the following spells:

 Spells                   Type           Power      Damage    Failure   Level
 Animate Skeleton         Necr           0%         N/A       47%         1
 Pain                     Necr           0%         1d4       47%         1
 Ensorcelled Hibernation  Hex/Ice        0%         N/A       63%         2
 Passwall                 Tmut/Erth      0%         N/A       63%         2
 Swiftness                Air            0%         N/A       85%         3
 Vampiric Draining        Necr           0%         2d6       85%         3
 Borgnjor's Revivificati  Necr           0%         N/A       100%        8
 Necromutation            Tmut/Necr      0%         N/A       100%        8
 Death's Door             Necr           0%         N/A       100%        9


Dungeon Overview and Level Annotations

Branches:
Dungeon (3/15)              Sewer (1/1)

Altars:

Shops:
D:2 (


Innate Abilities, Weirdness & Mutations

You are too large for most types of armour.
You have claws for hands.
Your natural rate of healing is unusually fast.
You are covered in fur. (AC +1)
You have tough skin. (AC +1)


Message History

The river rat bites you but does no damage.
You closely miss the adder.
The adder is moderately wounded.
The ball python bites you but does no damage.
The adder bites you but does no damage. The frilled lizard bites you.
* * * LOW HITPOINT WARNING * * *
The river rat bites you.
* * * LOW HITPOINT WARNING * * *
The ball python barely misses you.
You closely miss the adder.
The adder is moderately wounded.
The adder bites you.
* * * LOW HITPOINT WARNING * * *
The frilled lizard bites you but does no damage.
The ball python bites you but does no damage.
The adder closely misses you. The river rat barely misses you.
You whack the adder!
The adder is almost dead.
The adder closely misses you. The ball python barely misses you.
The frilled lizard barely misses you.
The river rat bites you but does no damage.
Unknown command.
You closely miss the adder.
The adder is almost dead.
The adder bites you.
* * * LOW HITPOINT WARNING * * *
The ball python barely misses you.
The frilled lizard bites you but does no damage.
The river rat closely misses you. The adder bites you.
* * * LOW HITPOINT WARNING * * *
You are lethally poisoned!
The adder poisons you!
The ball python bites you but does no damage.
You barely miss the adder.
The adder is almost dead.
* * * LOW HITPOINT WARNING * * *
You feel sick.
The frilled lizard bites you but does no damage.
The adder bites you.
You die...

################### ##
#. #. ##
###################
###..≈≈≈≈≈≈.≈≈≈≈≈≈≈≈#
##...@S≈≈≈≈...≈≈≈≈≈≈≈.
#...rlS≈≈≈≈≈(≈≈≈≈≈≈≈≈.
#....≈≈≈≈≈≈..≈≈≈≈≈≈≈≈≈
#.....≈≈≈≈†...≈≈≈≈≈≈≈≈
#......≈≈≈≈≈≈≈#≈≈≈≈≈≈≈#
#....##################
#...# ...# ...


You could see an adder, a river rat, a ball python and a frilled lizard.

Vanquished Creatures
  6 adders
  3 river rats (Sewer)
  A worm (D:2)
  2 dart slugs (D:1)
  3 endoplasms
  5 giant cockroaches
  2 hobgoblins
  2 quokkas (D:2)
  12 ball pythons
  4 bats (D:1)
  2 frilled lizards
  2 goblins (D:1)
  5 kobolds
  20 rats
69 creatures vanquished.

Notes
Turn   | Place    | Note
-------+----------+-------------------------------------------
     0 | D:1      | Jerry the Troll Hunter began the quest for the Orb.
     0 | D:1      | Reached XP level 1. HP: 19/19 MP: 0/0
    15 | D:1      | Found a faded altar of an unknown god.
    94 | D:1      | Reached XP level 2. HP: 28/28 MP: 1/1
   228 | D:1      | Reached skill level 1 in Unarmed Combat
   793 | D:2      | Reached XP level 3. HP: 34/35 MP: 2/2
  1050 | D:2      | Found Qouru's Weapon Shoppe.
  1764 | D:3      | Found a glowing drain.
  1776 | D:3      | Reached skill level 4 in Throwing
  1783 | D:3      | Reached XP level 4. HP: 12/42 MP: 3/3
  1787 | D:3      | Reached skill level 1 in Maces & Flails
  1833 | Sewer    | Entered a sewer
  2014 | Sewer    | Reached XP level 5. HP: 50/50 MP: 4/4
  2033 | Sewer    | HP: 2/50 [adder (3)]
  2036 | Sewer    | Slain by an adder

Illustrated notes

Levels and vault maps discovered:
D:1:      dpeg_arrival_rooms_c, layout_loops_cross,
          hellmonk_ecumenical_altar_lost_god
D:2:      layout_basic, serial_shops, nicolae_shop_trees, roderic_lattice_a
D:3:      layout_loops_cross, fedhas_altar_fruit_tree,
          mainiacjoe_overflow_brackets, okawaru_ov_weapons_minmay,
          overflow_temple_1_default, gup_sewer_entry_glass,
          grunt_decor_one_mirror, minmay_misc_feat_pillars
Sewer:    sewer_minmay_w

Skill      XL: |  1  2  3  4 |
---------------+-------------+-----
Unarmed Combat | 1 |  1.1
Dodging        | 2 |  2.4
Fighting       | 2 |  2.5
Throwing       | 4 |  4.3
Maces & Flails | 1 |  1.4
Stealth        | |  0.3

Action                   |  1- 3 |  4- 6 || total
-------------------------+-------+-------++-------
Melee: Short sword       |    75 |       ||    75
       Whip              |    55 |    76 ||   131
       Punch             |     2 |     1 ||     3
  Use: Potion            |       |     2 ||     2
 Stab: Sleeping          |     3 |       ||     3
Armor: Robe              |    56 |    49 ||   105
Dodge: Dodged            |    77 |    92 ||   169
